 Dungeon Crawl Stone Soup version 0.27.0-1-g7a089689b8 (webtiles) character file.

Game seed: 10096050397491023270

135 Smaepdii the Poker (level 4, -9/38 HPs)
             Began as a Draconian Warper on Aug 2, 2021.
             Mangled by a gnoll (13 damage)
             ... on level 3 of the Dungeon.
             The game lasted 00:16:41 (4215 turns).

Smaepdii the Poker (Draconian Warper)               Turns: 4215, Time: 00:16:42

Health: -9/38      AC:  6    Str: 14    XL:     4   Next: 96%
Magic:  7/7        EV: 12    Int: 13    God:
Gold:   177        SH:  0    Dex: 11    Spells: 2/7 levels left

rFire    . . .     SeeInvis .   b - +0 trident
rCold    . . .     Faith    .   (no shield)
rNeg     . . .     Spirit   .   (armour unavailable)
rPois    .         Reflect  .   (helmet restricted)
rElec    .         Harm     .   (no cloak)
rCorr    .         Rampage  .   k - +0 pair of gloves
Will     +....                  (no boots)
Stlth    +.........             (no amulet)
HPRegen  0.12/turn              l - ring of willpower
MPRegen  0.10/turn              (no ring)

@: no status effects
A: AC +5, unfitting armour, cold-blooded
a: no special abilities


You were on level 3 of the Dungeon.
You visited 1 branch of the dungeon, and saw 4 of its levels.

You collected 177 gold pieces.

Inventory:

Hand Weapons
 b - a +0 trident (weapon)
Missiles
 m - 5 boomerangs (quivered)
Armour
 k - a +0 pair of gloves (worn)
Jewellery
 l - a ring of willpower (left hand)
Scrolls
 e - 3 scrolls of identify {unknown}
 g - a scroll of enchant armour {unknown}
 j - a scroll of brand weapon {unknown}
Potions
 a - a potion of heal wounds {unknown}
 d - 2 potions of curing {unknown}
 f - a potion of haste {unknown}
 h - a potion of magic {unknown}
 i - a potion of invisibility {unknown}


   Skills:
 + Level 3.0 Fighting
 * Level 3.5 Polearms
 - Level 1.0 Throwing
 + Level 2.7 Dodging
 - Level 1.0 Stealth
 - Level 2.3 Spellcasting
 - Level 3.3 Translocations


You had 2 spell levels left.
You knew the following spells:

 Your Spells              Type           Power      Damage    Failure   Level
a - Blink                 Tloc           N/A        N/A       10%         2
b - Teleport Other        Tloc           10%        N/A       19%         3

Your spell library contained the following spells:

 Spells                   Type           Power      Damage    Failure   Level
 Gell's Gravitas          Tloc           5%         N/A       19%         3
 Lesser Beckoning         Tloc           5%         N/A       19%         3
 Manifold Assault         Tloc           10%        N/A       86%         5


Dungeon Overview and Level Annotations

Branches:
Dungeon (4/15)
 Temple: D:4-7

Altars:


Innate Abilities, Weirdness & Mutations

Your plain brown scales are hard. (AC +5)
You cannot fit into any form of body armour.
You are cold-blooded and may be slowed by cold attacks.


Message History

[Y]es or [N]o only, please.
The spell is quite dangerous to cast (19% risk of failure)!
Continue anyway?
Aiming: Teleport Other (quite dangerous; 19% risk of failure)
Press: ? - help, Shift-Dir - straight line, f - gnoll
Aim: a gnoll, wielding a +2 whip of electrocution (moderately wounded, chance to affect: 54%)
The gnoll resists with significant effort.
The gnoll barely misses you.
Sorry, you're not good enough to have a special ability.
Casting: Teleport Other (quite dangerous; 19% risk of failure)
Confirm with . or Enter, or press ? or * to list all spells.
You blink.
There is a stone staircase leading up here.
You climb upwards.
There is a stone staircase leading down here.
You start resting.
Magic restored.
You start resting.
A phantom is nearby!
A phantom is nearby!
You climb downwards.
There is a stone staircase leading up here.
You hit the gnoll.
The gnoll is lightly wounded.
The gnoll closely misses you.
You closely miss the gnoll.
Your tail-slap misses the gnoll.
The gnoll is lightly wounded.
The gnoll completely misses you.
You hit the gnoll but do no damage.
The gnoll is lightly wounded.
The gnoll hits you with a +2 whip of electrocution!
You hit the gnoll.
The gnoll is moderately wounded.
The gnoll completely misses you.
The gnoll hits you with a +2 whip of electrocution.
You are electrocuted!
* * * LOW HITPOINT WARNING * * *
The gnoll hits you with a +2 whip of electrocution.
* * * LOW HITPOINT WARNING * * *
You are electrocuted!
You die...

.........##.†### #.#.# #.# #
#####......g...# #.#.####.#####
#.#####..#.#####.#........... #.#
#.(g....##.#...........
#####'########.##.##.##.###...###
.......)....##.##.##.##.# ###.#
............##.##.##.##.# #.#
............#..g.....##.# #.#
..♣#####♣...#...@..(....# #.# ..#
#...##.##..####.# #.# ..#
#...##.##.## #.# ###.### ..#
#...'..##.# #.# #.....# ..#
#...#..##.# #.###.#.#.# .)#
#...##.##.# #..........
..♣#####♣...##.##.# ###..##.###.#
............##.##.# #....##....#.
............##....# #.##.#####...


You could see a gnoll.

Vanquished Creatures
  4 adders
  A gnoll (D:1)
  3 worms
  3 dart slugs
  An orc (D:3)
  2 endoplasms (D:1)
  8 giant cockroaches
  6 goblins
  6 hobgoblins
  4 jackals (D:1)
  4 kobolds
  2 quokkas (D:1)
  11 ball pythons
  5 bats
  4 frilled lizards
  3 rats
67 creatures vanquished.

Notes
Turn   | Place    | Note
-------+----------+-------------------------------------------
     0 | D:1      | Smaepdii the Draconian Warper began the quest for the Orb.
     0 | D:1      | Reached XP level 1. HP: 17/17 MP: 3/3
    51 | D:1      | Reached skill level 1 in Throwing
   201 | D:1      | Reached XP level 2. HP: 17/25 MP: 5/5
   327 | D:1      | Learned a level 2 spell: Blink
   696 | D:1      | Reached XP level 3. HP: 24/30 MP: 6/6
  1540 | D:2      | Reached skill level 1 in Stealth
  1544 | D:2      | Reached XP level 4. HP: 22/37 MP: 7/7
  2537 | D:3      | Found a faded altar of an unknown god.
  2719 | D:3      | Noticed a phantom
  2947 | D:2      | Learned a level 3 spell: Teleport Other
  4215 | D:3      | Mangled by a gnoll

Illustrated notes

Levels and vault maps discovered:
D:1:      zelgadis_glass_arrival_small, layout_basic, minmay_misc_feat_tiny
D:2:      layout_rooms
D:3:      layout_loops_ring, dreamdust_ecumenical_altar_grove, st_stairs_7,
          kennysheep_path_1
D:4:      layout_rooms, kennysheep_mini_moat, minmay_temple_entry_offerings,
          minmay_manual_mullet

Skill      XL: |  1  2  3  4 |
---------------+-------------+-----
Throwing       | 1 |  1.0
Stealth        | 1 |  1.0
Polearms       | 3 |  3.5
Fighting       | 3 |  3.0
Dodging        | |  2.7
Spellcasting   | |  2.3
Translocations | |  3.3

Action                   |  1- 3 |  4- 6 || total
-------------------------+-------+-------++-------
Melee: Spear             |   142 |   132 ||   274
       Tailslap          |    17 |    16 ||    33
       Trident           |       |    36 ||    36
Throw: Boomerang         |       |     7 ||     7
 Cast: Teleport Other    |       |     1 ||     1
       Blink             |       |     1 ||     1
  Use: Scroll            |       |     1 ||     1
 Stab: Sleeping          |     4 |     3 ||     7
Armor: Skin              |    21 |    42 ||    63
Dodge: Dodged            |    70 |   102 ||   172
